 Dungeon Crawl Stone Soup version 0.30.0-30-g96aa6591b8 (webtiles) character file.

Game seed: 4550454509531049750

17238 BreadTh the Gelid (level 12, -4/93 HPs)
             Began as a Merfolk Ice Elementalist on June 26, 2023.
             Was a High Priest of Okawaru.
             Slain by a hell knight
             ... wielding a +0 demon trident
              (18 damage)
             ... on level 12 of the Dungeon.
             The game lasted 01:22:18 (17267 turns).

BreadTh the Gelid (Merfolk Ice Elementalist)       Turns: 17267, Time: 01:22:19

Health: -4/93      AC:  4    Str: 16    XL:     12   Next: 45%
Magic:  2/15       EV: 20    Int: 21    God:    Okawaru [*****.]
Gold:   998        SH:  0    Dex: 15    Spells: 4/15 levels left

rFire   + . .        U - +4 spear
rCold   + + .        o - orb {*Rage}
rNeg    + + +        A - +0 robe of the Guild-Master {Contam rN+++ Will+ Str+2}
rPois   .            (no helmet)
rElec   .            r - scarf "Luimo" {repulsion, Slay+2}
rCorr   .            w - +1 pair of gloves
SInv    +            (no boots)
Will    ++...        Y - amulet of regeneration
Stlth   +++++        N - ring "Yterahup" {rF+ rN+ Int+2 SInv}
HPRegen 1.15/turn    a - ring "Zuraes Baqe" {rC++ rN+ Will+ Str+6}
MPRegen 0.14/turn

%: random rage (20%), repel missiles
@: heroic, freezing walls
A: (nimble swimmer 2), mertail
a: Renounce Religion, Heroism, Finesse, Duel


You were on level 12 of the Dungeon.
You worshipped Okawaru.
Okawaru was extremely pleased with you.
You visited 2 branches of the dungeon, and saw 13 of its levels.
You also visited: Sewer.

You collected 998 gold pieces.

Inventory:

Hand Weapons
 f - a +1 antimagic spear
 R - a +5 halberd
 U - a +4 spear (weapon)
Missiles
 p - 5 atropa-tipped darts
 y - 58 poisoned darts
Armour
 j - a scarf of invisibility
 o - an orb of wrath (worn)
 r - the scarf "Luimo" (worn) {repulsion, Slay+2}
   (Okawaru gifted it to you on level 10 of the Dungeon)

   Slay:      It affects your accuracy & damage with ranged weapons and melee
   (+2).
 w - a +1 pair of gloves (worn)
 A - the +0 robe of the Guild-Master (worn) {Contam rN+++ Will+ Str+2}
   (You found it on level 6 of the Dungeon)

   Str:       It affects your strength (+2).
   rN:        It renders you almost immune to negative energy.
   Contam:    It causes magical contamination when unequipped.
   Will:      It increases your willpower.
 I - +0 steam dragon scales
 W - a +2 leather armour of fire resistance
Jewellery
 a - the ring "Zuraes Baqe" (right hand) {rC++ rN+ Will+ Str+6}
   (You acquired it on level 2 of the Dungeon)

   [ring of strength]

   Str:       It affects your strength (+6).
   rC:        It greatly protects you from cold.
   rN:        It protects you from negative energy.
   Will:      It increases your willpower.
 h - a ring of see invisible
 s - a ring of resist corrosion
 E - a ring of poison resistance
 H - a ring of protection from cold
 N - the ring "Yterahup" (left hand) {rF+ rN+ Int+2 SInv}
   (You found it on level 7 of the Dungeon)

   [ring of see invisible]

   Int:       It affects your intelligence (+2).
   rF:        It protects you from fire.
   rN:        It protects you from negative energy.
   SInv:      It lets you see invisible.
 T - a ring of willpower
 X - a ring of wizardry
 Y - an amulet of regeneration (around neck)
Wands
 n - a wand of charming (14)
 z - a wand of iceblast (3)
 J - a wand of light (15)
 L - a wand of mindburst (15)
Scrolls
 d - a scroll of poison
 k - 5 scrolls of blinking
 l - 5 scrolls of enchant weapon
 m - 5 scrolls of teleportation
 t - a scroll of amnesia
 u - a scroll of identify
 M - a scroll of fog
 O - 2 scrolls of enchant armour
 V - a scroll of fear
 Z - 3 scrolls of magic mapping
Potions
 b - 3 potions of magic
 c - 6 potions of invisibility
 e - 10 potions of brilliance
 g - 9 potions of curing
 i - 3 potions of resistance
 q - 3 potions of mutation
 v - a potion of degeneration {unknown}
 x - 2 potions of ambrosia {unknown}
 B - a potion of might {unknown}
 D - 3 potions of flight {unknown}
 G - 2 potions of berserk rage {unknown}
 P - a potion of cancellation {unknown}
 S - a potion of heal wounds {unknown}


   Skills:
 + Level 8.2(13.2) Fighting
 - Level 1.1(6.1) Short Blades
 * Level 11.2(16.2) Polearms
 + Level 9.4(14.4) Dodging
 + Level 8.5(13.5) Stealth
 - Level 2.0 Spellcasting
 - Level 15.1 Ice Magic


You had 4 spell levels left.
You knew the following spells:

 Your Spells              Type           Power      Damage    Failure   Level
a - Freeze                Ice            100%       1d10      1%          1
b - Frozen Ramparts       Ice            100%       1d16      1%          3
c - Ozocubu's Armour      Ice            60%        N/A       1%          3
d - Summon Ice Beast      Ice/Summ       33%        N/A       7%          4

Your spell library contained the following spells:

 Spells                   Type           Power      Damage    Failure   Level
 Beastly Appendage        Tmut           4%         N/A       14%         1
 Necrotise                Necr           8%         1d4       14%         1
 Shock                    Conj/Air       8%         1d3       14%         1
 Sublimation of Blood     Necr           2%         N/A       22%         2
 Wereblood                Tmut           2%         N/A       22%         2
 Spider Form              Tmut/Pois      2%         N/A       41%         3
 Swiftness                Air            2%         N/A       41%         3
 Vampiric Draining        Necr           2%         2d6       41%         3
 Airstrike                Air            1%         2d(1-17)  82%         4
 Agony                    Necr           2%         N/A       99%         5
 Orb of Destruction       Conj           1%         9d5       100%        7
 Summon Guardian Golem    Hex/Summ       Unusable   N/A       N/A         3
 Spellforged Servitor     Conj/Summ      Unusable   N/A       N/A         7
 Summon Hydra             Summ           Unusable   N/A       N/A         7

Dungeon Overview and Level Annotations

Branches:
Dungeon (12/15)            Temple (1/1) D:7            Lair (0/5) D:9
    Orc (0/2) D:10          Sewer (visited)

Altars:
Ashenzari
Cheibriados
Dithmenos
Elyvilon
Fedhas
Gozag
Hepliaklqana
Kikubaaqudgha
Makhleb
Nemelex Xobeh
Okawaru
Qazlal
Ru
Sif Muna
Trog
Uskayaw
Vehumet
Wu Jian
Xom
Yredelemnul
Zin
The Shining One

Shops:
D:7 *

Annotations:
D:5 icebeast
D:10 !lodul


Innate Abilities, Weirdness & Mutations

((You are very nimble when in or above water. (Stealth+, EV+, Speed+++)))
Your lower body shifts to a powerful aquatic tail in water.


Message History

Press: ? - help, Shift-Dir - straight line, f/p - efreet
Aim: an efreet, wielding a +3 scimitar of flaming (almost dead)
You freeze the efreet!
The efreet is frozen!
You kill the efreet!
Okawaru accepts your kill.
The wall freezes the hell knight.
The hell knight hits you from afar with a +0 demon trident!
Your icy armour and frozen ramparts will break if you move.
Continue?
Your icy armour cracks and falls away as you move.
The frozen ramparts melt away as you move.
The hell knight hits you with a +0 demon trident!!
* * * LOW HITPOINT WARNING * * *
You see here a +3 scimitar of flaming.
Casting: Freeze (safe; 1% risk of failure)
Confirm with . or Enter, or press ? or * to list all spells.
Casting: Frozen Ramparts (safe; 1% risk of failure)
Press: ? - help, Dir - look around, f - activate The walls around you are covered in ice.
The wall freezes the hell knight.
The hell knight hits you with a +0 demon trident.
* * * LOW HITPOINT WARNING * * *
The wall freezes the troll.
You gain the combat prowess of a mighty hero.
The wall freezes the hell knight.
The hell knight hits you with a +0 demon trident!
* * * LOW HITPOINT WARNING * * *
The wall freezes the troll.
You feel better.
The wall freezes the hell knight.
The hell knight utters an invocation to its god.
The hell knight seems to speed up.
The wall freezes the troll.
Casting: Frozen Ramparts (safe; 1% risk of failure)
Confirm with . or Enter, or press ? or * to list all spells.
Aiming: Freeze (safe; 1% risk of failure)
Press: ? - help, Shift-Dir - straight line, f - hell knight
Aim: a hell knight, wielding a +0 demon trident and wearing a +0 chain mail (moderately wounded, fast)
You freeze the hell knight!
The hell knight is heavily wounded.
The wall freezes the hell knight.
The hell knight hits you with a +0 demon trident!!
You die...

...#.....#.....#
....'..8.T'.....#
....#.....#.....#
... #.....# ...##
## #...p.######
#(......# #######T#
#p#####
#.@...#############
#####..............
###############


You could see a hell knight (fast) and a troll.

Vanquished Creatures
  3 two-headed ogres
  Lodul (D:10)
  Pikel (D:6)
  A manticore (D:11)
  A cyclops (D:7)
  6 centaur zombies (D:10)
  A gargoyle (D:11)
  2 unseen horrors
  Maggie (D:7)
  2 unseen horror zombies (D:10)
  An efreet (D:12)
  2 komodo dragons (D:11)
  A troll (D:12)
  Prince Ribbit (D:6)
  A meliai zombie (D:10)
  2 slime creatures (D:12)
  12 yaks
  2 shadows (D:11)
  A vampire (D:11)
  A wraith (D:7)
  A wyvern (D:11)
  3 vampire mosquitoes (D:12)
  3 steam dragons
  3 acid dragons
  2 sky beasts
  2 orc warriors
  8 ogres
  2 phantoms (D:7)
  3 centaurs
  4 kobold brigands
  2 bullfrogs (D:7)
  4 scorpions
  13 wights
  16 killer bees
  2 howler monkeys
  6 jellies
  8 hounds
  6 orc priests
  2 gnoll boudas (D:10)
  A sleepcap (D:6)
  3 iguanas
  12 orc wizards
  A howler monkey zombie (D:10)
  Robin (D:2)
  13 gnolls
  7 river rats (Sewer)
  18 adders
  A shadow imp (D:7)
  2 white imps (D:6)
  An ufetubus (D:5)
  2 worms
  3 dart slugs (D:2)
  29 orcs
  10 ball pythons
  4 endoplasms
  6 giant cockroaches
  20 goblins
  4 hobgoblins
  33 kobolds
  2 quokkas (D:1)
  4 bats
  2 frilled lizards
  24 rats
  A spectral goblin (D:6)
337 creatures vanquished.

Vanquished Creatures (collateral kills)
  Sigmund (D:2)
  An ice beast (D:4)
2 creatures vanquished.

Grand Total: 339 creatures vanquished

Notes
Turn   | Place    | Note
-------+----------+-------------------------------------------
     0 | D:1      | BreadTh the Merfolk Ice Elementalist began the quest for
                  | the Orb.
     0 | D:1      | Reached XP level 1. HP: 13/13 MP: 3/3
   219 | D:1      | Reached XP level 2. HP: 16/19 MP: 0/5
   295 | D:1      | Reached skill level 5 in Ice Magic
  1194 | D:2      | Reached XP level 3. HP: 16/24 MP: 1/6
  1291 | D:2      | Found a faded altar of an unknown god.
  1642 | D:2      | Noticed Sigmund
  1855 | D:3      | Learned a level 3 spell: Frozen Ramparts
  1890 | D:3      | Reached XP level 4. HP: 30/30 MP: 1/7
  1996 | D:3      | Learned a level 3 spell: Ozocubu's Armour
  2201 | D:3      | Reached skill level 6 in Ice Magic
  2244 | D:3      | Found a bloodstained altar of Trog.
  3123 | D:4      | Reached XP level 5. HP: 36/36 MP: 8/8
  3263 | D:4      | Reached skill level 1 in Short Blades
  3263 | D:4      | Reached skill level 7 in Ice Magic
  3497 | D:4      | Noticed an ice beast
  3649 | D:4      | Reached XP level 6. HP: 33/42 MP: 3/9
  3805 | D:4      | Found a sacrificial altar of Ru.
  4284 | D:5      | Entered Level 5 of the Dungeon
  4405 | D:5      | Noticed an ice beast
  4448 | D:5      | Noticed a sky beast
  4454 | D:5      | Killed a sky beast
  4455 | D:5      | Reached skill level 8 in Ice Magic
  4656 | D:5      | Reached XP level 7. HP: 47/47 MP: 4/10
  4735 | D:5      | Reached skill level 9 in Ice Magic
  5243 | D:5      | Reached skill level 10 in Ice Magic
  5641 | D:6      | Noticed Pikel
  5664 | D:6      | Killed Pikel
  5665 | D:6      | Reached skill level 11 in Ice Magic
  5665 | D:6      | Reached XP level 8. HP: 19/53 MP: 1/11
  5925 | D:6      | Noticed Prince Ribbit
  5944 | D:6      | Killed Prince Ribbit
  5945 | D:6      | Reached skill level 12 in Ice Magic
  5948 | D:6      | Identified the +0 robe of the Guild-Master {Contam rN+++
                  | Will+ Str+2}
  5983 | D:6      | Found a glowing drain.
  6024 | Sewer    | Entered a sewer
  6218 | Sewer    | Reached XP level 9. HP: 58/58 MP: 5/12
  6244 | Sewer    | Learned a level 4 spell: Summon Ice Beast
  6709 | Sewer    | Reached skill level 13 in Ice Magic
  7025 | D:6      | Found a hazy altar of Hepliaklqana.
  7210 | D:6      | Identified the +5 quarterstaff of the Candle {drain, Str+3}
  7380 | D:6      | Found a snail-covered altar of Cheibriados.
  7677 | D:7      | Noticed Maggie
  7687 | D:7      | Killed Maggie
  7708 | D:7      | Reached skill level 14 in Ice Magic
  7818 | D:7      | Noticed a two-headed ogre
  8701 | D:2      | Killed Sigmund
  8709 | D:2      | Identified a scroll of acquirement
  8709 | D:2      | Acquired the ring "Zuraes Baqe" {rC++ rN+ Will+ Str+6}
  8781 | D:2      | Identified the +2 helmet of the Stars {Rampage rC- MP+9}
  8781 | D:2      | Noticed Robin
  8789 | D:2      | Killed Robin
  9347 | D:7      | Found a staircase to the Ecumenical Temple.
  9364 | Temple   | Entered the Ecumenical Temple
  9440 | Temple   | Became a worshipper of Warmaster Okawaru
  9719 | D:7      | Reached skill level 15 in Ice Magic
  9795 | D:7      | Reached skill level 1 in Fighting
  9795 | D:7      | Reached XP level 10. HP: 66/66 MP: 4/13
  9934 | D:7      | Identified the ring "Yterahup" {rF+ rN+ Int+2 SInv}
  9959 | D:7      | Found an opulent altar of Gozag.
  9961 | D:7      | Found Gozag's Platinum Reserve.
 10736 | D:7      | Noticed a cyclops
 10741 | D:7      | Killed a two-headed ogre
 10741 | D:7      | Reached * piety under Okawaru
 10952 | D:7      | Killed a cyclops
 11266 | D:8      | Reached skill level 1 in Polearms
 11270 | D:8      | Reached skill level 5 in Dodging
 11287 | D:8      | Reached ** piety under Okawaru
 11290 | D:8      | Reached skill level 5 in Fighting
 11434 | D:8      | Found a shimmering blue altar of Sif Muna.
 11933 | D:9      | Found a hide-covered altar of Uskayaw.
 11950 | D:9      | Found a staircase to the Lair.
 12091 | D:9      | Reached skill level 5 in Stealth
 12482 | D:9      | Found a broken altar of Ashenzari.
 12685 | D:9      | Reached skill level 5 in Polearms
 12945 | D:9      | Found a sparkling altar of Nemelex Xobeh.
 13004 | D:9      | Reached XP level 11. HP: 61/81 MP: 10/14
 13200 | D:9      | Found a burning altar of Makhleb.
 13239 | D:10     | Entered Level 10 of the Dungeon
 13778 | D:10     | Found a blossoming altar of Fedhas.
 13796 | D:10     | Reached *** piety under Okawaru
 13906 | D:10     | Found a staircase to the Orcish Mines.
 14316 | D:10     | Found a basalt altar of Yredelemnul.
 14512 | D:10     | Reached **** piety under Okawaru
 14659 | D:10     | Noticed Lodul
 14948 | D:11     | Noticed a manticore
 14956 | D:11     | Killed a manticore
 15130 | D:11     | Reached ***** piety under Okawaru
 15342 | D:11     | Noticed a two-headed ogre
 15353 | D:11     | Killed a two-headed ogre
 15460 | D:11     | Reached XP level 12. HP: 91/91 MP: 7/15
 15850 | D:11     | Identified the +5 whip "Qengig" {heavy, rPois Str+3 Int+2}
 16118 | D:12     | Reached skill level 10 in Polearms
 16369 | D:10     | Killed Lodul
 16369 | D:10     | Identified the scarf "Luimo" {repulsion, Slay+2} (Okawaru
                  | gifted it to you on level 10 of the Dungeon)
 16369 | D:10     | Received a gift from Okawaru
 16780 | D:12     | Noticed a two-headed ogre
 16794 | D:12     | Killed a two-headed ogre
 17235 | D:12     | Noticed a hell knight
 17265 | D:12     | HP: 2/93 [hell knight/+0 demon trident (17)]
 17267 | D:12     | Slain by a hell knight

Illustrated notes

Levels and vault maps discovered:
D:1:      roderic_crop_circles_arrival_small, layout_loops_cross
D:2:      layout_basic, hellmonk_ecumenical_altar_run_dry, uniq_sigmund,
          uniq_robin
D:3:      layout_basic, trog_antimagical, kennysheep_generic_room_8
D:4:      layout_basic, nicolae_ru_the_path_less_chosen
D:5:      layout_loops_ring, kennysheep_generic_room_5
D:6:      layout_basic, cheibrodos_worm_habitat,
          nicolae_hepliaklqana_monster_ancestors, portal_sewer_entry_d,
          nicolae_half_adder, uniq_pikel, uniq_prince_ribbit1
D:7:      minmay_cornered_nines, layout_loops_ring,
          nicolae_gozag_zags_fifth_avenue, minmay_temple_entry_tees,
          grunt_ministairs_7, minmay_checkerbox, uniq_maggie
D:8:      layout_rooms, nicolae_sif_muna_condensation, minmay_liquid_box
D:9:      layout_roguey, lightli_temple_of_fire, nicolae_ashenzari_skybound,
          mainiacjoe_overflow_big_doors, dpeg_oklobed_lair
D:10:     layout_roguey, nicolae_yredelemnul_corpse_copse,
          fedhas_bush_and_centaur_altar, serial_bayou_pond_c,
          grunt_ministairs_12, uniq_lodul
D:11:     layout_stronghold
D:12:     evilmike_library_of_no_secrets, layout_loops_ring, minmay_three_doors
Temple:   nicolae_temple_ecumenical_triangle

Skill      XL: |  1  2  3  4  5  6  7  8  9 10 11 12 |
---------------+-------------------------------------+-----
Ice Magic      | 5 6 7 8 11 12 15 | 15.1
Short Blades   | 1 |  1.1
Fighting       | 1 5 7 8 |  8.2
Dodging        | 6 8 9 |  9.4
Stealth        | 5 7 8 |  8.5
Polearms       | 5 9 11 | 11.2
Spellcasting   | |  2.0

Action                     |  1- 3 |  4- 6 |  7- 9 | 10-12 || total
---------------------------+-------+-------+-------+-------++-------
  Melee: Dagger            |    27 |    17 |       |       ||    44
         Short sword       |       |     6 |    42 |    15 ||    63
         Whip              |       |       |    15 |       ||    15
         Tailslap          |       |       |     1 |       ||     1
         Spear             |       |       |       |   232 ||   232
         Trident           |       |       |       |    36 ||    36
   Cast: Freeze            |    47 |    40 |    79 |    95 ||   261
         Frozen Ramparts   |     1 |     7 |    40 |    70 ||   118
         Ozocubu's Armour  |       |       |     6 |    36 ||    42
         Summon Ice Beast  |       |       |     6 |       ||     6
 Invoke: Heroism           |       |       |       |     1 ||     1
    Use: Scroll            |       |       |    15 |     4 ||    19
         Potion            |       |       |       |     1 ||     1
   Stab: Sleeping          |     3 |     4 |     2 |     3 ||    12
 Armour: Robe              |    12 |     8 |    21 |   146 ||   187
  Dodge: Dodged            |    28 |    20 |    62 |   319 ||   429
